AoeStats
← 一剑扫秋风nelson

Arena

508855920Analyzed
3v3 RM · 7d ago on Sep 24, 2026· 48m 50s· 6 players
Game mode
Random Map
Map size
Normal (6 player)
Population
200
Speed
Normal
Resources
Standard
Victory
Conquest
Starting age
Dark Age
Ending age
Imperial Age
RankedLock teamsTeams togetherTeam positionsShared explorationLock speedFull tech treeHidden civsTurbo modeCheats
Victory
Defeat
🇺🇾 Spanish · Uruguay
1954
+5
🇨🇳 Mapuche · China
1937
+5
🇨🇴 Mongols · Colombia
1607
+15
🇩🇪 Wu · Germany
1671
-10
🇩🇪 Dravidians · Germany
1615
-8
🇨🇭 Danes · Switzerland
1601
-7
一剑扫秋风nelson
8:00 Feudal Age
7:37 Loom
8:33 Double-Bit Axe
16:08 Castle Age
14:45 Horse Collar
16:06 Gold Mining
17:26 Fletching
19:54 Bodkin Arrow
20:15 Town Watch
20:49 Padded Archer Armor
25:49 Heavy Plow
25:28 Elite Skirmisher
29:24 Leather Archer Armor
29:56 Ballistics
30:17 Malon
36:18 Wheelbarrow
38:39 Imperial Age
39:52 Ring Archer Armor
40:25 Chemistry
40:00 Conscription
41:48 Crop Rotation
41:29 Bow Saw
42:37 Hand Cart
41:46 Pikeman
42:27 Scale Mail Armor
42:38 Forging
42:52 Halberdier
45:07 Gold Shaft Mining
44:23 Stone Mining
44:54 Town Patrol
46:38 Chain Mail Armor
46:59 Iron Casting
EL TIGRE ABELARDO
10:41 Feudal Age
11:28 Double-Bit Axe
11:32 Horse Collar
14:46 Castle Age
14:45 Wheelbarrow
15:47 Bow Saw
15:38 Heavy Plow
19:30 Hand Cart
22:33 Stone Mining
22:50 Loom
28:44 Imperial Age
26:08 Gold Mining
26:37 Fletching
27:23 Stone Shaft Mining
27:30 Padded Archer Armor
27:55 Bodkin Arrow
28:42 Leather Archer Armor
29:00 Scale Barding Armor
29:12 Town Watch
29:48 Bracer
30:09 Chain Barding Armor
30:12 Ballistics
29:31 Capped Ram
30:34 Conscription
30:37 Bloodlines
31:57 Chemistry
31:34 Masonry
31:25 Town Patrol
31:47 Thumb Ring
32:07 Parthian Tactics
31:47 Husbandry
32:24 Elite Mangudai
34:59 Forging
34:10 Light Cavalry
35:12 Siege Ram
36:35 Coinage
37:04 Drill
37:37 Onager
39:27 Iron Casting
38:13 Hussar
39:06 Caravan
39:36 Banking
39:05 Siege Onager
41:20 Hoardings
46:35 Blast Furnace
48:05 Siege Engineers
Mamboreta
10:54 Feudal Age
12:04 Double-Bit Axe
14:19 Castle Age
14:26 Double-Bit Axe
19:22 Loom
21:34 Padded Archer Armor
27:28 Wheelbarrow
29:57 Fletching
31:36 Fervor
31:34 Bodkin Arrow
32:31 Sanctity
32:35 Horse Collar
37:38 Imperial Age
35:59 Hand Cart
36:20 Leather Archer Armor
36:58 Scale Barding Armor
37:04 Forging
37:55 Gold Mining
38:23 Bloodlines
37:48 Cavalier
38:29 Husbandry
38:55 Bow Saw
39:51 Chain Barding Armor
40:08 Iron Casting
41:08 Plate Barding Armor
40:59 Capped Ram
42:49 Blast Furnace
42:39 Stone Mining
43:57 Paladin
45:58 Heavy Plow
46:37 Masonry
46:49 Ballistics
46:30 Bracer
47:21 Town Watch
48:39 Two-Man Saw
48:31 Siege Ram
Dawn14
10:08 Feudal Age
9:08 Loom
11:38 Double-Bit Axe
15:42 Castle Age
14:59 Horse Collar
16:57 Bow Saw
22:27 Wheelbarrow
21:47 Town Watch
23:40 Hand Cart
23:23 Gold Mining
28:22 Imperial Age
26:57 Heavy Plow
26:50 Fletching
27:00 Padded Archer Armor
27:34 Bodkin Arrow
28:56 Leather Archer Armor
28:51 Town Patrol
29:05 Bracer
28:31 Elite Elephant Archer
30:09 Medical Corps
30:44 Thumb Ring
31:52 Chemistry
32:26 Scale Mail Armor
32:56 Forging
32:17 Elite Skirmisher
33:31 Ring Archer Armor
35:27 Bombard Tower
35:28 Ballistics
37:25 Two-Man Saw
37:00 Conscription
40:28 Conscription
Brudiiii
10:23 Feudal Age
11:27 Town Watch
14:28 Castle Age
12:45 Double-Bit Axe
14:09 Loom
17:12 Fletching
19:22 Bodkin Arrow
21:44 Horse Collar
23:42 Red Cliffs Tactics
24:38 Gold Mining
25:03 Bow Saw
26:38 Wheelbarrow
29:19 Gold Mining
34:38 Imperial Age
32:54 Ballistics
33:26 Padded Archer Armor
34:29 Leather Archer Armor
35:20 Bracer
38:40 Chemistry
41:05 Scale Mail Armor
40:53 Pikeman
42:23 Elite Fire Archer
G1NCo
11:09 Feudal Age
12:31 Double-Bit Axe
12:27 Horse Collar
15:04 Castle Age
16:16 Bow Saw
16:07 Heavy Plow
29:56 Wheelbarrow
30:19 Loom
30:20 Town Watch
33:35 Imperial Age
32:19 Masonry
33:54 Onager
34:41 Siege Engineers
35:23 Siege Onager
37:04 Conscription
38:09 Northmen's Fury
40:09 Chemistry
40:09 Pikeman
40:49 Squires
40:35 Gambesons
40:36 Arson
40:52 Scale Mail Armor
41:02 Forging
41:51 Hand Cart
42:20 Halberdier
44:41 Chain Mail Armor
Connection lost

Rejoining the realm…

Still unreachable

The connection could not be restored.

Session expired

The server has moved on; the page needs a fresh start.